 Dungeon Crawl Stone Soup version 0.32-a0-599-gba8f9cf90e (webtiles) character file.

Game seed: 7773694655671946489

820 CougarLife the Digger (level 7, -3/36 HPs)
             Began as a Gargoyle Earth Elementalist on Mar 2, 2024.
             Was an Initiate of Vehumet.
             Slain by a hound (4 damage)
             ... on level 5 of the Dungeon.
             The game lasted 00:05:18 (3876 turns).

CougarLife the Digger (Gargoyle Earth Elementalist) Turns: 3876, Time: 00:05:19

Health: -3/36      AC:  8    Str: 12    XL:     7   Next: 95%
Magic:  14/14      EV: 16    Int: 17    God:    Vehumet [......]
Gold:   234        SH:  0    Dex: 10    Spells: 11/15 levels left

rFire   . . .        h - +0 dagger
rCold   . . .        (no shield)
rNeg    + . .        a - +0 robe
rPois   ∞            (no helmet)
rElec   +            d - +0 cloak
rCorr   .            (no gloves)
SInv    .            e - +0 pair of boots
Will    .....        (no amulet)
Stlth   +            o - +5 ring of evasion
HPRegen 0.26/turn    (no ring)
MPRegen 0.14/turn

%: no passive effects
@: confused
A: sickness immunity, AC +4, negative energy resistance 1, electricity
resistance, torment resistance 1, petrification resistance
a: Renounce Religion


You were on level 5 of the Dungeon.
You worshipped Vehumet.
Vehumet was noncommittal.
You visited 2 branches of the dungeon, and saw 6 of its levels.

You collected 234 gold pieces.

Inventory:

Hand Weapons
 h - a +0 dagger (weapon)
Armour
 a - a +0 robe (worn)
 d - a +0 cloak (worn)
 e - a +0 pair of boots (worn)
Jewellery
 o - a +5 ring of evasion (left hand)
 r - a ring of fire
Wands
 q - a wand of roots (7)
 s - a wand of flame (17)
Scrolls
 i - a scroll of silence {unknown}
 j - 6 scrolls of teleportation {unknown}
 l - a scroll of revelation {unknown}
 m - a scroll of enchant weapon {unknown}
 n - 6 scrolls of identify {unknown}
 u - a scroll of vulnerability {unknown}
Potions
 b - a potion of magic
 c - 3 potions of haste {unknown}
 f - 4 potions of degeneration {unknown}
 g - a potion of curing {unknown}
 k - 2 potions of resistance {unknown}
 p - 3 potions of attraction {unknown}
 t - a potion of might {unknown}
 v - a potion of brilliance {unknown}


   Skills:
 - Level 1.5 Dodging
 - Level 2.1 Stealth
 + Level 4.9 Spellcasting
 + Level 5.3 Conjurations
 + Level 6.9 Earth Magic


You had 11 spell levels left.
You knew the following spells:

 Your Spells              Type           Power      Damage    Failure   Level
a - Sandblast             Erth           54%        2d13      1%          1
b - Stone Arrow           Conj/Erth      50%        3d10      3%          3

Your spell library contained the following spells:

 Spells                   Type           Power      Damage    Failure   Level
 Passwall                 Erth           27%        N/A       2%          3
 Brom's Barrelling Bould  Conj/Erth      25%        2d5       11%         4
 Petrify                  Alch/Erth      16%        N/A       34%         4


Dungeon Overview and Level Annotations

Branches:
Dungeon (5/15)             Temple (1/1) D:4

Altars:
Ashenzari
Cheibriados
Elyvilon
Fedhas
Gozag
Hepliaklqana
Nemelex Xobeh
Ru
Sif Muna
Trog
Vehumet
Wu Jian
Yredelemnul
Zin
The Shining One


Innate Abilities, Weirdness & Mutations

You are immune to sickness and miasma.
Your stone body is resilient. (AC +4)
You are immune to poison.
You resist negative energy. (rN+)
You are resistant to electric shocks. (rElec)
You are resistant to unholy torment.
You are immune to petrification.


Message History

The hound barks!
You bump into the rock wall.
An iguana comes into view.
You are too confused!
The orc hits you with a +0 flail.
You hit the jelly.
Your hands burn!
The jelly is lightly wounded.
The orc barely misses you.
The orc zaps a wand.
You resist with some effort. The jelly completely misses you.
The hound barely misses you. The orc completely misses you.
The jelly attacks as it pursues you! The jelly hits you but does no damage.
The orc barely misses you.
You bump into the rock wall.
The hound misses you. The orc completely misses you.
The jelly barely misses you.
The orc zaps a wand.
Your will is overpowered!
You are more confused.
You bump into the rock wall.
The hound bites you. The hound closely misses you.
The orc hits you but does no damage. The jelly hits you.
You are splashed with acid.
The orc hits you but does no damage.
You closely miss the hound. The hound bites you but does no damage.
The orc barely misses you. The jelly completely misses you.
The orc hits you with a +0 flail. The hound closely misses you.
The hound bites you but does no damage. The orc attacks as it pursues you!
The orc closely misses you. The jelly closely misses you.
You closely miss the orc. The hound bites you but does no damage.
The iguana closely misses you. The orc misses you.
The jelly closely misses you.
You bump into the rock wall.
The hound closely misses you. The iguana bites you!
* * * LOW HITPOINT WARNING * * *
The hound bites you.
* * * LOW HITPOINT WARNING * * *
The orc closely misses you. The jelly barely misses you.
Unknown command.
Unknown command.
Unknown command.
Unknown command.
You bump into the rock wall.
The hound bites you.
You die...

#.# #.# #.# #.#
#.# #.# #.#
#.#######...
#.oo@.......
#..hJl......
#..........#
#..........#
#..........#
#..........#
####..........#
#.............#
#†###.........


You could see an iguana, a hound, a jelly and 2 orcs.

Vanquished Creatures
  An ogre (D:4)
  A phantom (D:4)
  3 scorpions (D:4)
  A howler monkey (D:4)
  2 bombardier beetles
  A hound (D:5)
  Crazy Yiuf (D:4)
  An orc priest (D:5)
  An iguana (D:4)
  Natasha (thrice) (D:3)
  2 orc wizards (D:4)
  A gnoll (D:1)
  4 adders
  3 ribbon worms
  A dart slug (D:2)
  5 orcs
  6 ball pythons
  10 endoplasms
  2 giant cockroaches
  6 goblins
  7 hobgoblins
  5 jackals (D:2)
  5 kobolds
  5 quokkas
  4 bats
  5 frilled lizards
  6 rats
92 creatures vanquished.

Notes
Turn   | Place    | Note
-------+----------+-------------------------------------------
     0 | D:1      | CougarLife the Gargoyle Earth Elementalist began the quest
                  | for the Orb.
     0 | D:1      | Reached XP level 1. HP: 10/10 MP: 3/3
   134 | D:1      | Reached skill level 4 in Earth Magic
   134 | D:1      | Reached XP level 2. HP: 15/15 MP: 1/5
   348 | D:1      | Reached XP level 3. HP: 19/19 MP: 4/6
  1159 | D:2      | Reached XP level 4. HP: 24/24 MP: 6/8
  1273 | D:2      | Found a faded altar of an unknown god.
  1936 | D:3      | Noticed Natasha
  1942 | D:3      | Killed Natasha
  1943 | D:3      | Reached XP level 5. HP: 18/28 MP: 4/9
  1997 | D:3      | Reached skill level 5 in Earth Magic
  2284 | D:3      | Noticed Natasha
  2289 | D:3      | Killed Natasha
  2374 | D:3      | Noticed Natasha
  2380 | D:3      | Killed Natasha
  2509 | D:4      | Reached XP level 6. HP: 28/32 MP: 5/11
  2651 | D:4      | Found a glowing silver altar of Zin.
  2790 | D:4      | Reached skill level 6 in Earth Magic
  2790 | D:4      | Reached XP level 7. HP: 36/36 MP: 8/13
  2897 | D:4      | Found a staircase to the Ecumenical Temple.
  3012 | D:4      | Learned a level 3 spell: Stone Arrow
  3165 | D:4      | Found a runed translucent door.
  3166 | D:4      | Noticed Crazy Yiuf
  3331 | D:4      | Reached skill level 5 in Conjurations
  3459 | Temple   | Entered the Ecumenical Temple
  3468 | Temple   | Became a worshipper of Vehumet
  3589 | D:4      | Killed Crazy Yiuf
  3742 | D:5      | Entered Level 5 of the Dungeon
  3875 | D:5      | HP: 1/36 [hound (3)]
  3876 | D:5      | Slain by a hound

Illustrated notes

Levels and vault maps discovered:
D:1:      scummos_arrival_forest, layout_basic, serial_glass, glass_columns_b,
          glass_columns_b, glass_columns_a, glass_columns_a
D:2:      layout_rooms, shapermc_ecumenical_altar_pompeii,
          minmay_misc_feat_enclosed, eino_tiny_chamber,
          minmay_misc_feat_encased, hangedman_feature_mirror
D:3:      layout_loops_ring, chequers_serial_rivers_micro_e, uniq_natasha
D:4:      layout_loops_ring, kennysheep_little_box, minmay_temple_entry_ruins,
          serial_glass, glass_columns_b, glass_columns_b,
          uniq_crazy_yiuf_cottage
D:5:      layout_basic, serial_shops, nicolae_shop_bloodbath_and_beyond, shop
Temple:   eino_temple_lava

Skill      XL: |  1  2  3  4  5  6  7 |
---------------+----------------------+-----
Earth Magic    | 4 5 6 |  6.9
Conjurations   | 2 3 4 5 |  5.3
Spellcasting   | 3 4 |  4.9
Dodging        | |  1.5
Stealth        | |  2.1

Action                     |  1- 3 |  4- 6 |  7- 9 || total
---------------------------+-------+-------+-------++-------
  Melee: Unarmed           |    10 |       |       ||    10
         Dagger            |     5 |       |     9 ||    14
   Cast: Sandblast         |    50 |    69 |    40 ||   159
         Stone Arrow       |       |       |     7 ||     7
 Armour: Robe              |    17 |    19 |    46 ||    82
  Dodge: Dodged            |    26 |    27 |    38 ||    91

Table legend: (Time is in decaauts)
 A = Elapsed time spent in this place.
 B = Non-inter-level travel time spent in this place.
 C = Inter-level travel time spent in this place.
 D = Time resting spent in this place.
 E = Time spent auto-exploring this place.
 F = Levels seen in this place.
 G = Mean time per level.
                   A        B        C        D        E       F      G
               +--------+--------+--------+--------+--------+-----+--------+
         Total |   3962 |   3805 |    157 |    266 |   2834 |   6 |  660.3 |
       Dungeon |   3943 |   3794 |    149 |    266 |   2834 |   5 |  788.6 |
        Temple |     18 |     10 |      8 |      0 |      0 |   1 |   18.0 |
               +--------+--------+--------+--------+--------+-----+--------+

Top non-repeatable levels by time:
     D:4: 1259 daAuts
     D:3: 912 daAuts
     D:1: 828 daAuts
     D:2: 804 daAuts
     D:5: 138 daAuts
  Temple: 18 daAuts
